 Dungeon Crawl Stone Soup version 0.28-a0-987-g8383568036 (webtiles) character file.

Game seed: 14119977573769460115

343 GregHouse the Chopper (level 6, 0/49 (56) HPs)
             Began as a Hill Orc Monk on Dec 4, 2021.
             Slain by a wight (2 damage)
             ... on level 3 of the Dungeon.
             The game lasted 00:26:10 (4949 turns).

GregHouse the Chopper (Hill Orc Monk)               Turns: 4949, Time: 00:26:10

HP:   0/49 (56)     AC: 12    Str: 16    XL:     6   Next: 57%
MP:   6/6           EV:  7    Int: 14    God:
Gold: 201           SH:  0    Dex: 13    Spells: 5/5 levels left

rFire   + . .      SeeInvis .   g - +5 scythe of Watchfulness {elec, Fly Int+4}
rCold   + + +      Faith    .   (shield currently unavailable)
rNeg    . . .      Spirit   .   o - +2 chain mail {rC+}
rPois   +          Reflect  .   (no helmet)
rElec   +          Harm     .   i - +0 cloak
rCorr   +          Rampage  .   (no gloves)
Will    .....                   (no boots)
Stlth   ..........              (no amulet)
HPRegen 0.16/turn               e - ring of protection from cold
MPRegen 0.10/turn               (no ring)

@: resistant, flying, heavily drained
A: no striking features
a: no special abilities


You were on level 3 of the Dungeon.
You visited 1 branch of the dungeon, and saw 5 of its levels.

You collected 201 gold pieces.

Inventory:

Hand Weapons
 g - the +5 scythe of Watchfulness (weapon) {elec, Fly Int+4}
   (You found it on level 4 of the Dungeon)

   It occasionally discharges a powerful burst of electricity upon striking a
   foe.
   Int:       It affects your intelligence (+4).
   Fly:       It grants you flight.
 l - a +3 halberd
Missiles
 f - 161 stones (quivered)
Armour
 i - a +0 cloak (worn)
 o - a +2 chain mail of cold resistance (worn)
Jewellery
 e - a ring of protection from cold (left hand)
Wands
 j - a wand of flame (18)
Scrolls
 m - 2 scrolls of amnesia
Potions
 a - a potion of heal wounds {unknown}
 b - 2 potions of berserk rage
 c - a potion of lignification
 d - a potion of haste
 h - a potion of resistance
 k - 3 potions of mutation
 n - a potion of curing {unknown}


   Skills:
 + Level 5.3 Fighting
 + Level 6.5(6.6) Axes
 + Level 0.8(3.4) Polearms
 + Level 2.9 Armour
 + Level 2.9 Dodging
 + Level 1.7 Stealth
 + Level 0.6 Unarmed Combat


You had 5 spell levels left.
You didn't know any spells.
Your spell library contained the following spells:

 Spells                   Type           Power      Damage    Failure   Level
 Animate Dead             Necr           0%         N/A       100%        4
 Borgnjor's Vile Clutch   Necr/Erth      0%         N/A       100%        5
 Death Channel            Necr           0%         N/A       100%        6


Dungeon Overview and Level Annotations

Branches:
Dungeon (5/15)
 Temple: D:4-7

Altars:

Shops:
D:1 =   D:5 =

Annotations:
D:4 exclusion: downstairs


Message History

You barely miss the wight.
The wight is severely damaged.
The wight hits you with a +4 great sword.
The wight barely misses you.
The wight hits you with a +4 great sword.
The wight hits you with a +0 hand axe.
You closely miss the wight.
The wight is severely damaged.
The wight hits you with a +4 great sword!
You feel drained.
* * * LOW HITPOINT WARNING * * *
The wight barely misses you.
The wight hits you with a +4 great sword.
* * * LOW HITPOINT WARNING * * *
The wight hits you with a +0 hand axe.
* * * LOW HITPOINT WARNING * * *
You feel drained.
Okay, then.
Unknown command.
You feel protected.
The wight hits you with a +4 great sword.
* * * LOW HITPOINT WARNING * * *
You feel drained.
* * * LOW HITPOINT WARNING * * *
The wight hits you with a +0 hand axe.
* * * LOW HITPOINT WARNING * * *
You completely miss the wight.
The wight is severely damaged.
The wight hits you but does no damage. The wight closely misses you.
The wight barely misses you.
You barely miss the wight.
The wight is severely damaged.
The wight barely misses you. x2; The wight hits you but does no damage.
You slash the wight! Lightning courses through the wight!
You destroy the wight!
The wight barely misses you. The wight hits you but does no damage.
You barely miss the wight. The wight hits you with a +0 hand axe.
* * * LOW HITPOINT WARNING * * *
You feel drained.
You die...

#..# #.#.##...........#
###..# #.#.############.#
...).## #.#.##...........#
......# #.#.##.########..#
......# #.#.##.[..<...#..#
......####.#.#####.###.#..#
.........#.#...........#..#
.........#.######z######..##
................@[.........#
###......#.#.###).#######.##
###......#.#..............#
..#......#.#################
).#......#.................#
.........#.#############.###
..######################.###
..'...............)........#
..####....##################


You could see a wight.

Vanquished Creatures
  A scorpion (D:4)
  2 wights (D:3)
  2 hounds (D:4)
  A gnoll (D:1)
  4 adders
  An adder skeleton (D:4)
  2 worms (D:4)
  2 dart slugs
  An orc (D:3)
  11 bats
  10 endoplasms
  3 giant cockroaches
  10 goblins
  3 hobgoblins (D:4)
  3 jackals (D:4)
  3 quokkas
  10 ball pythons
  2 frilled lizards
  13 kobolds
  5 rats
89 creatures vanquished.

Notes
Turn   | Place    | Note
-------+----------+-------------------------------------------
     0 | D:1      | GregHouse the Hill Orc Monk began the quest for the Orb.
     0 | D:1      | Reached XP level 1. HP: 19/19 MP: 1/1
   167 | D:1      | Found Jareramn's Jewellery Shoppe.
   199 | D:1      | Reached XP level 2. HP: 20/27 MP: 2/2
   588 | D:1      | Reached XP level 3. HP: 33/33 MP: 3/3
  1937 | D:1      | Found a faded altar of an unknown god.
  2169 | D:2      | Reached XP level 4. HP: 41/41 MP: 4/4
  2925 | D:3      | Reached skill level 1 in Armour
  2967 | D:3      | Reached skill level 5 in Axes
  3593 | D:3      | Reached XP level 5. HP: 40/47 MP: 5/5
  4087 | D:4      | Reached skill level 5 in Fighting
  4252 | D:5      | Entered Level 5 of the Dungeon
  4252 | D:5      | Found Xivefreo's Jewellery Boutique.
  4474 | D:4      | Identified the +5 scythe of Watchfulness {elec, Fly Int+4}
  4560 | D:4      | Noticed a kobold brigand
  4703 | D:4      | Reached skill level 6 in Axes
  4703 | D:4      | Reached XP level 6. HP: 54/56 MP: 6/6
  4949 | D:3      | HP: 2/50 [wight (4)]
  4949 | D:3      | Slain by a wight

Illustrated notes

Levels and vault maps discovered:
D:1:      tarquinn_simple_flora_water_e, layout_basic, serial_shops, shop_coins,
          hellmonk_ecumenical_altar_prayer_group
D:2:      layout_loops_ring
D:3:      layout_basic, minivault_19
D:4:      cheibrodos_thug_alley, layout_basic
D:5:      kennysheep_slugbush, layout_basic, serial_shops,
          nicolae_shop_hallway_stairs, uniq_menkaure

Skill      XL: |  1  2  3  4  5 |
---------------+----------------+-----
Fighting       | 4 5 |  5.3
Armour         | 1 2 |  2.9
Axes           | 5 6 |  6.5
Polearms       | |  0.8
Dodging        | |  2.9
Stealth        | |  1.7
Unarmed Combat | |  0.6

Action                   |  1- 3 |  4- 6 || total
-------------------------+-------+-------++-------
Melee: Hand axe          |    62 |   174 ||   236
       Unarmed           |   137 |       ||   137
       Scythe            |       |    21 ||    21
  Use: Scroll            |       |     9 ||     9
       Potion            |       |     1 ||     1
Armor: Ring mail         |    13 |       ||    13
       Robe              |     1 |       ||     1
       Scale mail        |    94 |    37 ||   131
       Chain mail        |       |    82 ||    82
Dodge: Dodged            |   125 |   101 ||   226

Table legend: (Time is in decaauts)
 A = Elapsed time spent in this place.
 B = Non-inter-level travel time spent in this place.
 C = Inter-level travel time spent in this place.
 D = Time resting spent in this place.
 E = Time spent auto-exploring this place.
 F = Levels seen in this place.
 G = Mean time per level.
                   A        B        C        D        E       F      G
               +--------+--------+--------+--------+--------+-----+--------+
         Total |   4988 |   4855 |    133 |   1130 |   1839 |   5 |  997.6 |
       Dungeon |   4988 |   4855 |    133 |   1130 |   1839 |   5 |  997.6 |
               +--------+--------+--------+--------+--------+-----+--------+

Top non-repeatable levels by time:
     D:1: 1951 daAuts
     D:3: 1345 daAuts
     D:4: 867 daAuts
     D:2: 804 daAuts
     D:5: 20 daAuts
